Coyotes vs Stars
(R2)
Created - June 1, 2020 at 19:08
Goals
|
Coyotes |
0 |
1 |
0 |
1 |
Stars |
0 |
0 |
0 |
0 |
|
Shots
|
Coyotes |
6 |
9 |
12 |
27 |
Stars |
3 |
8 |
6 |
17 |
|
1st period
No Goal
Penalties :
Evgeny Artyukhin (Ari) for High sticking (Minor) at 7:03, Ted Purcell (Dal) for Boarding (Minor) at 11:23, Nazem Kadri (Ari) for Holding Stick (Minor) at 15:54, Brian Lee (Dal) for Cross-checking (Minor) at 18:34
2nd period
1. Coyotes , Tyler Ennis 6 (Nazem Kadri 11, Anton Stralman 5) at 10:07 (PP)
Penalties :
Johnny Oduya (Dal) for Holding (Minor) at 2:29, Marian Gaborik (Ari) for Hooking (Minor) at 3:18, Cam Atkinson (Dal) for Holding (Minor) at 6:24, Guillaume Latendresse (Dal) for Hooking (Minor) at 9:50, Evgeny Grachev (Dal) for Interference (Minor) at 19:51
3rd period
No Goal
Penalties :
Brian Lee (Dal) for Roughing (Minor) at 7:27, Cam Atkinson (Dal) for Roughing (Minor) at 9:51, Thomas Hickey (Ari) for Goalie Interference (Minor) at 12:41
Goalie Stats
Maxime Daigneault (Ari), 17 saves from 17 shots - (1.000), W, 8-1-1, 60:00 minutes
Brian Elliott (Dal), 26 saves from 27 shots - (0.963), L, 8-2-0, 58:58 minutes
Players Stats for Coyotes
Player Name G A P +/- PIM S H SB GA TA FO MP PP MP PK MP
------------------------------------------------------------------------------------
Anton Stralman 0 1 1 0 0 2 1 0 0 2 0/0 28:00 7:49 3:58
Brad Richards 0 0 0 0 0 2 1 0 0 1 12/22 22:48 5:54 3:15
Chris Stewart 0 0 0 0 0 2 0 0 0 0 0/0 15:45 5:54 0:00
Evgeny Artyukhin 0 0 0 0 2 0 1 0 1 2 0/0 9:06 0:00 0:00
Jamie Arniel 0 0 0 0 0 0 0 0 0 1 3/11 13:11 0:00 3:22
Jonathan Ferland 0 0 0 0 0 1 0 0 0 0 0/0 6:38 0:00 0:00
Josh Gorges 0 0 0 0 0 0 1 1 0 1 0/0 21:38 5:11 2:48
Kristopher Letang 0 0 0 0 0 3 3 0 1 1 0/0 27:01 7:49 3:58
Marian Gaborik 0 0 0 0 2 1 3 0 2 0 2/2 19:54 7:05 0:00
Martin Samuelsson 0 0 0 0 0 2 0 2 0 1 0/0 13:11 0:00 3:22
Matt Donovan 0 0 0 0 0 1 2 0 1 0 0/0 11:21 0:00 0:00
Michael Del Zotto 0 0 0 0 0 1 1 1 0 2 0/0 20:39 5:11 2:48
Nazem Kadri 0 1 1 0 2 6 0 0 0 0 9/16 17:48 7:06 0:00
Nick Bonino 0 0 0 0 0 1 1 0 0 0 4/5 6:38 0:00 0:00
Ramzi Abid 0 0 0 0 0 1 0 0 0 0 0/0 6:50 0:00 0:09
Thomas Hickey 0 0 0 0 2 0 1 0 0 0 0/0 11:21 0:00 0:00
Tyler Ennis 1 0 1 0 0 2 1 0 0 1 2/3 17:23 7:06 0:09
Zach Parise 0 0 0 0 0 2 0 0 0 0 1/3 22:48 5:54 3:15
Players Stats for Stars
Player Name G A P +/- PIM S H SB GA TA FO MP PP MP PK MP
------------------------------------------------------------------------------------
Alex Chiasson 0 0 0 0 0 0 1 0 0 0 0/1 12:21 2:45 0:00
Alexander Frolov 0 0 0 0 0 1 1 0 1 0 0/0 11:22 0:32 0:55
Antoine Vermette 0 0 0 0 0 1 3 0 2 0 5/10 17:25 2:45 3:55
B.J. Crombeen 0 0 0 0 0 0 2 0 0 0 0/0 9:28 0:03 0:00
Boris Valabik 0 0 0 0 0 0 1 1 1 0 0/0 22:21 3:08 5:06
Brian Lee 0 0 0 0 4 1 1 1 1 1 0/0 26:03 3:38 5:33
Cam Atkinson 0 0 0 0 4 2 2 0 0 0 0/0 7:28 0:00 0:00
Cory Emmerton 0 0 0 0 0 0 1 0 1 0 5/8 11:27 0:00 1:57
Evgeny Grachev 0 0 0 0 2 0 0 0 0 0 2/3 7:06 0:00 0:00
Guillaume Latendresse 0 0 0 0 2 2 1 0 1 2 0/0 23:30 3:29 7:33
Ian White 0 0 0 0 0 1 0 2 0 0 0/0 28:43 3:38 7:13
John Tavares 0 0 0 0 0 3 1 1 1 0 17/39 23:47 3:29 7:45
Johnny Oduya 0 0 0 0 2 0 0 0 0 1 0/0 9:52 0:29 0:00
Jussi Jokinen 0 0 0 0 0 3 0 0 2 0 0/1 17:25 2:45 3:55
Lasse Kukkonen 0 0 0 0 0 0 0 1 0 1 0/0 20:50 3:08 4:44
Michael Grabner 0 0 0 0 0 2 3 0 0 0 0/0 15:11 3:29 0:00
Niklas Hjalmarsson 0 0 0 0 0 0 0 1 0 0 0/0 13:19 0:00 3:24
Ted Purcell 0 0 0 0 2 1 0 0 2 0 0/0 8:04 0:32 0:00
3 Stars
1 - Maxime Daigneault (Ari)
2 - Brian Elliott (Dal)
3 - Tyler Ennis (Ari)
Power Play
Coyotes - 1 on 8 Attempt(s) - 12.50%
Stars - 0 on 4 Attempt(s) - 0.00%
Penalty Kill
Coyotes - 4 on 4 Attempt(s) - 100.00%
- Score 0 goal in Penalty Kill
Stars - 7 on 8 Attempt(s) - 87.50%
- Score 0 goal in Penalty Kill
Team Stat
Coyotes - Hits : 16 - Faceoff Wins : 33 - Blocked Shots : 4 - Penalty Minutes : 8
Stars - Hits : 17 - Faceoff Wins : 29 - Blocked Shots : 7 - Penalty Minutes : 16
Official
Referees : Unknown
Linesman : Unknown
Game Notes
No Game Note
Finance
Level 1 -- Attendance: 6000 (100.00%) -- Ticket Income $690,000
Level 2 -- Attendance: 5000 (100.00%) -- Ticket Income $375,000
Level 3 -- Attendance: 2000 (100.00%) -- Ticket Income $100,000
Level 4 -- Attendance: 4000 (100.00%) -- Ticket Income $160,000
Luxury Box -- Attendance: 1000 (100.00%) -- Ticket Income $210,000
Game was played at the American Airlines Center.
Total Attendance: 18000 (100.00%)
Total Ticket Income: $1,535,000
Other Income: $230,250
Total Income: $1,765,250
Coyotes
5 vs 5 Forward
Center Left Wing Right Wing Time % Phy DF OF
1 Brad Richards Zach Parise Marian Gaborik 38 0 3 2
2 Nazem Kadri Tyler Ennis Chris Stewart 32 0 3 2
3 Jamie Arniel Martin Samuelsson Evgeny Artyukhin 20 0 3 2
4 Nick Bonino Ramzi Abid Jonathan Ferland 10 1 3 1
5 vs 5 Defense
Defense Defense Time % Phy DF OF
1 Kristopher Letang Anton Stralman 40 0 3 2
2 Josh Gorges Michael Del Zotto 35 1 2 2
3 Matt Donovan Thomas Hickey 25 0 3 2
4 Kristopher Letang Michael Del Zotto 0 1 2 2
PowerPlay Forward
Center Left Wing Right Wing Time % Phy DF OF
1 Nazem Kadri Tyler Ennis Marian Gaborik 60 0 1 4
2 Brad Richards Zach Parise Chris Stewart 40 0 1 4
PowerPlay Defense
Defense Defense Time % Phy DF OF
1 Kristopher Letang Anton Stralman 60 0 2 3
2 Josh Gorges Michael Del Zotto 40 0 2 3
Penalty Kill 4 Players Forward
Center Wing Time % Phy DF OF
1 Brad Richards Zach Parise 50 1 3 1
2 Jamie Arniel Martin Samuelsson 50 1 3 1
Penalty Kill 4 Players Defense
Defense Defense Time % Phy DF OF
1 Kristopher Letang Anton Stralman 60 1 4 0
2 Josh Gorges Michael Del Zotto 40 1 4 0
Penalty Kill - 3 Players Forward
Forward Time % Phy DF OF
1 Zach Parise 60 1 4 0
2 Martin Samuelsson 40 1 4 0
Penalty Kill - 3 Players Defense
Defense Defense Time % Phy DF OF
1 Kristopher Letang Anton Stralman 60 1 4 0
2 Josh Gorges Michael Del Zotto 40 1 4 0
4 vs 4 Forward
Center Wing Time % Phy DF OF
1 Brad Richards Zach Parise 60 1 2 2
2 Nazem Kadri Tyler Ennis 40 1 2 2
4 vs 4 Defense
Defense Defense Time % Phy DF OF
1 Kristopher Letang Anton Stralman 60 1 2 2
2 Josh Gorges Michael Del Zotto 40 1 2 2
Last Minutes Offensive
Center Left Wing Right Wing Defense Defense
Brad Richards Tyler Ennis Marian Gaborik Kristopher Letang Michael Del Zotto
Last Minutes Defensive
Center Left Wing Right Wing Defense Defense
Brad Richards Zach Parise Marian Gaborik Josh Gorges Anton Stralman
Goaltenders
Starting : Maxime Daigneault
Backup : Thomas McCollum
Extra Forwards
Normal : Jamie Arniel, Martin Samuelsson, Evgeny Artyukhin - PP : Jamie Arniel, Evgeny Artyukhin - PK : Tyler Ennis
Extra Defensemen
Normal : Matt Donovan, Thomas Hickey, Michael Del Zotto - PP : Matt Donovan - PK : Thomas Hickey, Matt Donovan
Penalty Shots
Tyler Ennis, Marian Gaborik, Zach Parise, Nazem Kadri, Brad Richards
Scratches
Andrew MacDonald (Healthy), Mike Weber (Healthy)
Stars
5 vs 5 Forward
Center Left Wing Right Wing Time % Phy DF OF
1 John Tavares Guillaume Latendresse Michael Grabner 40 0 2 3
2 Antoine Vermette Jussi Jokinen Alex Chiasson 30 0 2 3
3 Cory Emmerton Alexander Frolov B.J. Crombeen 20 1 2 2
4 Evgeny Grachev Ted Purcell Cam Atkinson 10 1 2 2
5 vs 5 Defense
Defense Defense Time % Phy DF OF
1 Ian White Brian Lee 40 1 2 2
2 Boris Valabik Lasse Kukkonen 30 1 2 2
3 Johnny Oduya Niklas Hjalmarsson 20 1 2 2
4 Ian White Brian Lee 10 1 2 2
PowerPlay Forward
Center Left Wing Right Wing Time % Phy DF OF
1 John Tavares Guillaume Latendresse Michael Grabner 60 0 2 3
2 Antoine Vermette Jussi Jokinen Alex Chiasson 40 0 2 3
PowerPlay Defense
Defense Defense Time % Phy DF OF
1 Ian White Brian Lee 60 0 2 3
2 Boris Valabik Lasse Kukkonen 40 0 2 3
Penalty Kill 4 Players Forward
Center Wing Time % Phy DF OF
1 John Tavares Guillaume Latendresse 60 0 3 2
2 Jussi Jokinen Antoine Vermette 40 0 3 2
Penalty Kill 4 Players Defense
Defense Defense Time % Phy DF OF
1 Ian White Brian Lee 60 0 3 2
2 Boris Valabik Lasse Kukkonen 40 0 3 2
Penalty Kill - 3 Players Forward
Forward Time % Phy DF OF
1 John Tavares 60 0 3 2
2 Guillaume Latendresse 40 0 3 2
Penalty Kill - 3 Players Defense
Defense Defense Time % Phy DF OF
1 Ian White Brian Lee 60 0 3 2
2 Boris Valabik Lasse Kukkonen 40 0 3 2
4 vs 4 Forward
Center Wing Time % Phy DF OF
1 John Tavares Guillaume Latendresse 60 0 2 3
2 Jussi Jokinen Antoine Vermette 40 0 2 3
4 vs 4 Defense
Defense Defense Time % Phy DF OF
1 Ian White Brian Lee 60 1 2 2
2 Boris Valabik Lasse Kukkonen 40 1 2 2
Last Minutes Offensive
Center Left Wing Right Wing Defense Defense
John Tavares Guillaume Latendresse Michael Grabner Ian White Brian Lee
Last Minutes Defensive
Center Left Wing Right Wing Defense Defense
John Tavares Guillaume Latendresse Michael Grabner Ian White Brian Lee
Goaltenders
Starting : Brian Elliott
Backup : Cory Schneider
Extra Forwards
Normal : Alexander Frolov, Ted Purcell, Cory Emmerton - PP : Alexander Frolov, Ted Purcell - PK : Cory Emmerton
Extra Defensemen
Normal : Johnny Oduya, Niklas Hjalmarsson, Boris Valabik - PP : Johnny Oduya - PK : Niklas Hjalmarsson, Boris Valabik
Penalty Shots
John Tavares, Guillaume Latendresse, Jussi Jokinen, Antoine Vermette, Alexander Frolov
Scratches
Lee Stempniak (Healthy), Andrej Sustr (Healthy), Brian Flynn (Healthy)
% Time on Ice - Coyotes
Lines # - Real PCT - Wanted PCT - Time Play
Normal Forward
1 - 31% - 38% - 11:36
2 - 28% - 32% - 10:31
3 - 24% - 20% - 9:05
4 - 18% - 10% - 6:38
Normal Defense
1 - 38% - 40% - 14:19
2 - 32% - 35% - 12:10
3 - 30% - 25% - 11:21
4 - 0% - 0% - 0:00
PP Forward
1 - 55% - 60% - 7:06
2 - 45% - 40% - 5:54
PP Defense
1 - 60% - 60% - 7:49
2 - 40% - 40% - 5:11
PK Forward
1 - 52% - 50% - 3:30
2 - 48% - 50% - 3:16
PK Defense
1 - 59% - 60% - 3:58
2 - 41% - 40% - 2:48
PK3 Forward
1 - 0% - 60%
2 - 0% - 40%
PK3 Defense
1 - 0% - 60%
2 - 0% - 40%
44 Forward
1 - 71% - 60% - 0:50
2 - 29% - 40% - 0:20
44 Defense
1 - 57% - 60% - 0:40
2 - 43% - 40% - 0:30
Last Minute Offensive - 0:00
Last Minute Defensive - 1:14
Total
Forward - 60:00
Defense - 60:00
|
% Time on Ice - Stars
Lines # - Real PCT - Wanted PCT - Time Play
Normal Forward
1 - 30% - 40% - 11:14
2 - 27% - 30% - 10:25
3 - 24% - 20% - 9:09
4 - 19% - 10% - 7:05
Normal Defense
1 - 37% - 40% - 13:55
2 - 32% - 30% - 12:10
3 - 25% - 20% - 9:24
4 - 6% - 10% - 2:24
PP Forward
1 - 59% - 60% - 4:01
2 - 41% - 40% - 2:45
PP Defense
1 - 54% - 60% - 3:38
2 - 46% - 40% - 3:08
PK Forward
1 - 70% - 60% - 9:05
2 - 30% - 40% - 3:55
PK Defense
1 - 64% - 60% - 8:16
2 - 36% - 40% - 4:44
PK3 Forward
1 - 0% - 60%
2 - 0% - 40%
PK3 Defense
1 - 0% - 60%
2 - 0% - 40%
44 Forward
1 - 71% - 60% - 0:50
2 - 29% - 40% - 0:20
44 Defense
1 - 31% - 60% - 0:22
2 - 69% - 40% - 0:48
Last Minute Offensive - 1:11
Last Minute Defensive - 0:00
Total
Forward - 60:00
Defense - 60:00
|
Play-by-Play
1st period
0:01 of 1st period - Brad Richards wins face-off versus John Tavares in neutral zone.
0:06 of 1st period - Snap shot by Zach Parise.
0:06 of 1st period - Shot Blocked by John Tavares.
0:08 of 1st period - Wrist shot by Marian Gaborik.
0:08 of 1st period - Stopped by Brian Elliott without a rebound.
0:09 of 1st period - John Tavares wins face-off versus Brad Richards in Stars zone.
0:24 of 1st period - Snap shot by Brad Richards.
0:24 of 1st period - Shot Misses the Net.
1:22 of 1st period - Snap shot by Brad Richards.
1:22 of 1st period - Shot Misses the Net.
1:44 of 1st period - Slapshot by Brad Richards.
1:44 of 1st period - Stopped by Brian Elliott without a rebound.
1:45 of 1st period - Antoine Vermette wins face-off versus Nazem Kadri in Stars zone.
1:47 of 1st period - Icing by Jussi Jokinen.
1:48 of 1st period - Antoine Vermette wins face-off versus Tyler Ennis in Stars zone.
3:15 of 1st period - Josh Gorges is hit by B.J. Crombeen and loses puck.
4:04 of 1st period - Brian Lee is hit by Matt Donovan and loses puck.
4:53 of 1st period - Anton Stralman is hit by B.J. Crombeen and loses puck.
5:46 of 1st period - Cory Emmerton is hit by Brad Richards.
5:47 of 1st period - Icing by Cory Emmerton.
5:48 of 1st period - Marian Gaborik wins face-off versus Cory Emmerton in Stars zone.
5:51 of 1st period - Slapshot by Zach Parise.
5:51 of 1st period - Stopped by Brian Elliott without a rebound.
5:52 of 1st period - Brad Richards wins face-off versus Alex Chiasson in Stars zone.
5:57 of 1st period - Wrist shot by Zach Parise.
5:57 of 1st period - Deflect By Alex Chiasson.
5:57 of 1st period - Shot Misses the Net.
5:57 of 1st period - Puck is out of play.
5:58 of 1st period - Nazem Kadri wins face-off versus Antoine Vermette in Stars zone.
6:45 of 1st period - Snap shot by Michael Grabner.
6:45 of 1st period - Shot Blocked by Josh Gorges.
6:47 of 1st period - Slapshot by Brian Lee.
6:47 of 1st period - Stopped by Maxime Daigneault with a rebound.
6:49 of 1st period - Slapshot by Alexander Frolov.
6:49 of 1st period - Shot Misses the Net.
6:57 of 1st period - Wrist shot by B.J. Crombeen.
6:57 of 1st period - Shot Misses the Net.
7:03 of 1st period - Minor Penalty to Evgeny Artyukhin for High sticking.
7:04 of 1st period - John Tavares wins face-off versus Brad Richards in Coyotes zone.
8:20 of 1st period - Antoine Vermette is hit by Kristopher Letang and loses puck.
9:03 of 1st period - Penalty to Evgeny Artyukhin is over, Evgeny Artyukhin is back on ice.
9:46 of 1st period - Off-side.
9:47 of 1st period - Cory Emmerton wins face-off versus Jamie Arniel in neutral zone.
9:59 of 1st period - Off-side.
10:00 of 1st period - Brad Richards wins face-off versus John Tavares in neutral zone.
10:15 of 1st period - Guillaume Latendresse is hit by Marian Gaborik and loses puck.
10:26 of 1st period - Chris Stewart is hit by Antoine Vermette and loses puck.
10:47 of 1st period - Michael Del Zotto is hit by Cory Emmerton and loses puck.
11:23 of 1st period - Minor Penalty to Ted Purcell for Boarding.
11:24 of 1st period - Nazem Kadri wins face-off versus John Tavares in Stars zone.
11:43 of 1st period - Kristopher Letang is hit by John Tavares and loses puck.
12:04 of 1st period - Snap shot by Chris Stewart.
12:04 of 1st period - Stopped by Brian Elliott with a rebound.
12:38 of 1st period - Wrist shot by Jussi Jokinen.
12:38 of 1st period - Stopped by Maxime Daigneault without a rebound.
12:39 of 1st period - Nazem Kadri wins face-off versus John Tavares in Coyotes zone.
12:58 of 1st period - Brian Lee is hit by Kristopher Letang and loses puck.
13:23 of 1st period - Penalty to Ted Purcell is over, Ted Purcell is back on ice.
13:33 of 1st period - Wrist shot by Cory Emmerton.
13:33 of 1st period - Shot Misses the Net.
13:35 of 1st period - Slapshot by B.J. Crombeen.
13:35 of 1st period - Shot Blocked by Martin Samuelsson.
13:37 of 1st period - Slapshot by Lasse Kukkonen.
13:37 of 1st period - Shot Hit the Post.
13:39 of 1st period - Wrist shot by B.J. Crombeen.
13:39 of 1st period - Shot Blocked by Michael Del Zotto.
13:59 of 1st period - Slapshot by Ramzi Abid.
13:59 of 1st period - Stopped by Brian Elliott without a rebound.
14:00 of 1st period - Nick Bonino wins face-off versus Antoine Vermette in Stars zone.
14:07 of 1st period - Anton Stralman is hit by Alex Chiasson and loses puck.
14:30 of 1st period - Snap shot by Marian Gaborik.
14:30 of 1st period - Shot Hit the Post.
15:09 of 1st period - Icing by Alexander Frolov.
15:10 of 1st period - Cory Emmerton wins face-off versus Jamie Arniel in Stars zone.
15:37 of 1st period - Cory Emmerton is hit by Marian Gaborik and loses puck.
15:45 of 1st period - Icing by Lasse Kukkonen.
15:46 of 1st period - Nazem Kadri wins face-off versus Cory Emmerton in Stars zone.
15:54 of 1st period - Minor Penalty to Nazem Kadri for Holding Stick.
15:55 of 1st period - John Tavares wins face-off versus Jamie Arniel in Coyotes zone.
16:01 of 1st period - Wrist shot by John Tavares.
16:01 of 1st period - Stopped by Maxime Daigneault without a rebound.
16:02 of 1st period - Jamie Arniel wins face-off versus John Tavares in Coyotes zone.
16:06 of 1st period - Off-side.
16:07 of 1st period - Brad Richards wins face-off versus John Tavares in neutral zone.
16:17 of 1st period - Off-side.
16:18 of 1st period - Jamie Arniel wins face-off versus John Tavares in neutral zone.
17:07 of 1st period - Snap shot by Jamie Arniel.
17:07 of 1st period - Deflect By Martin Samuelsson.
17:07 of 1st period - Shot Hit the Post.
17:07 of 1st period - Puck is out of play.
17:08 of 1st period - Jamie Arniel wins face-off versus John Tavares in Stars zone.
17:54 of 1st period - Penalty to Nazem Kadri is over, Nazem Kadri is back on ice.
18:31 of 1st period - Slapshot by Martin Samuelsson.
18:31 of 1st period - Stopped by Brian Elliott without a rebound.
18:32 of 1st period - John Tavares wins face-off versus Brad Richards in Stars zone.
18:34 of 1st period - Minor Penalty to Brian Lee for Cross-checking.
18:35 of 1st period - John Tavares wins face-off versus Nazem Kadri in Stars zone.
18:35 of 1st period - John Tavares is hit by Tyler Ennis.
19:27 of 1st period - Jussi Jokinen is hit by Marian Gaborik and loses puck.
Goals for this period are 0 for Coyotes vs 0 for Stars.
Shots for this period are 6 for Coyotes vs 3 for Stars.
2nd period
0:01 of 2nd period - Nazem Kadri wins face-off versus John Tavares in neutral zone.
0:34 of 2nd period - Penalty to Brian Lee is over, Brian Lee is back on ice.
1:12 of 2nd period - Snap shot by Nazem Kadri.
1:12 of 2nd period - Stopped by Brian Elliott with a rebound.
1:14 of 2nd period - Snap shot by Tyler Ennis.
1:14 of 2nd period - Stopped by Brian Elliott without a rebound.
1:15 of 2nd period - John Tavares wins face-off versus Brad Richards in Stars zone.
1:22 of 2nd period - Zach Parise is hit by Guillaume Latendresse and loses puck.
1:51 of 2nd period - Snap shot by Cam Atkinson.
1:51 of 2nd period - Stopped by Maxime Daigneault with a rebound.
2:03 of 2nd period - Boris Valabik is hit by Michael Del Zotto and loses puck.
2:29 of 2nd period - Minor Penalty to Johnny Oduya for Holding.
2:30 of 2nd period - Tyler Ennis wins face-off versus John Tavares in Stars zone.
3:18 of 2nd period - Minor Penalty to Marian Gaborik for Hooking.
3:19 of 2nd period - John Tavares wins face-off versus Brad Richards in Coyotes zone.
4:29 of 2nd period - Penalty to Johnny Oduya is over, Johnny Oduya is back on ice.
4:37 of 2nd period - Kristopher Letang is hit by Alexander Frolov and loses puck.
4:57 of 2nd period - Off-side.
4:58 of 2nd period - Antoine Vermette wins face-off versus Jamie Arniel in neutral zone.
5:18 of 2nd period - Penalty to Marian Gaborik is over, Marian Gaborik is back on ice.
5:29 of 2nd period - Snap shot by Jussi Jokinen.
5:29 of 2nd period - Stopped by Maxime Daigneault with a rebound.
5:31 of 2nd period - Snap shot by Jussi Jokinen.
5:31 of 2nd period - Shot Misses the Net.
5:35 of 2nd period - Wrist shot by Antoine Vermette.
5:35 of 2nd period - Stopped by Maxime Daigneault without a rebound.
5:36 of 2nd period - John Tavares wins face-off versus Nazem Kadri in Coyotes zone.
5:37 of 2nd period - Snap shot by Guillaume Latendresse.
5:37 of 2nd period - Stopped by Maxime Daigneault with a rebound.
6:24 of 2nd period - Minor Penalty to Cam Atkinson for Holding.
6:25 of 2nd period - John Tavares wins face-off versus Nazem Kadri in Stars zone.
8:24 of 2nd period - Penalty to Cam Atkinson is over, Cam Atkinson is back on ice.
8:37 of 2nd period - Wrist shot by Cam Atkinson.
8:37 of 2nd period - Stopped by Maxime Daigneault with a rebound.
8:53 of 2nd period - Alex Chiasson is hit by Matt Donovan.
8:56 of 2nd period - Off-side.
8:57 of 2nd period - Nick Bonino wins face-off versus Antoine Vermette in neutral zone.
9:00 of 2nd period - Slapshot by Kristopher Letang.
9:00 of 2nd period - Deflect By Nick Bonino.
9:00 of 2nd period - Stopped by Brian Elliott with a rebound.
9:07 of 2nd period - Off-side.
9:08 of 2nd period - John Tavares wins face-off versus Brad Richards in neutral zone.
9:41 of 2nd period - Snap shot by Kristopher Letang.
9:41 of 2nd period - Shot Misses the Net.
9:43 of 2nd period - Wrist shot by Anton Stralman.
9:43 of 2nd period - Stopped by Brian Elliott with a rebound.
9:45 of 2nd period - Slapshot by Anton Stralman.
9:45 of 2nd period - Deflect By Chris Stewart.
9:45 of 2nd period - Stopped by Brian Elliott without a rebound.
9:46 of 2nd period - Brad Richards wins face-off versus John Tavares in Stars zone.
9:50 of 2nd period - Minor Penalty to Guillaume Latendresse for Hooking.
9:51 of 2nd period - Nazem Kadri wins face-off versus John Tavares in Stars zone.
10:01 of 2nd period - Wrist shot by Marian Gaborik.
10:01 of 2nd period - Shot Misses the Net.
10:03 of 2nd period - Slapshot by Anton Stralman.
10:03 of 2nd period - Shot Blocked by Ian White.
10:05 of 2nd period - Wrist shot by Nazem Kadri.
10:05 of 2nd period - Shot Misses the Net.
10:07 of 2nd period - Snap shot by Tyler Ennis.
10:07 of 2nd period - Goal by Tyler Ennis - Coyotes : 1 - Stars : 0.
10:08 of 2nd period - John Tavares wins face-off versus Zach Parise in neutral zone.
10:21 of 2nd period - Slapshot by Anton Stralman.
10:21 of 2nd period - Stopped by Brian Elliott without a rebound.
10:22 of 2nd period - John Tavares wins face-off versus Brad Richards in Stars zone.
10:33 of 2nd period - Snap shot by Ian White.
10:33 of 2nd period - Stopped by Maxime Daigneault with a rebound.
10:59 of 2nd period - Slapshot by Ian White.
10:59 of 2nd period - Shot Misses the Net.
11:15 of 2nd period - Slapshot by B.J. Crombeen.
11:15 of 2nd period - Shot Misses the Net.
11:17 of 2nd period - Slapshot by Alexander Frolov.
11:17 of 2nd period - Stopped by Maxime Daigneault without a rebound.
11:18 of 2nd period - Brad Richards wins face-off versus John Tavares in Coyotes zone.
11:18 of 2nd period - Brad Richards is hit by Boris Valabik.
11:28 of 2nd period - Slapshot by Guillaume Latendresse.
11:28 of 2nd period - Shot Misses the Net.
11:44 of 2nd period - Tyler Ennis is hit by Antoine Vermette and loses puck.
12:55 of 2nd period - Guillaume Latendresse is hit by Kristopher Letang and loses puck.
13:04 of 2nd period - Michael Grabner is hit by Anton Stralman and loses puck.
13:16 of 2nd period - Wrist shot by Guillaume Latendresse.
13:16 of 2nd period - Shot Misses the Net.
13:18 of 2nd period - Slapshot by Brian Lee.
13:18 of 2nd period - Shot Misses the Net.
13:26 of 2nd period - Slapshot by John Tavares.
13:26 of 2nd period - Shot Blocked by Martin Samuelsson.
13:28 of 2nd period - Snap shot by Michael Grabner.
13:28 of 2nd period - Stopped by Maxime Daigneault without a rebound.
13:29 of 2nd period - Marian Gaborik wins face-off versus Antoine Vermette in Coyotes zone.
13:40 of 2nd period - Snap shot by Marian Gaborik.
13:40 of 2nd period - Shot Misses the Net.
13:46 of 2nd period - Slapshot by Brad Richards.
13:46 of 2nd period - Shot Blocked by Lasse Kukkonen.
13:57 of 2nd period - Icing by Michael Del Zotto.
13:58 of 2nd period - Nazem Kadri wins face-off versus Cory Emmerton in Coyotes zone.
15:45 of 2nd period - Snap shot by Brad Richards.
15:45 of 2nd period - Deflect By Alex Chiasson.
15:45 of 2nd period - Shot Misses the Net.
15:45 of 2nd period - Puck is out of play.
15:46 of 2nd period - Brad Richards wins face-off versus Jussi Jokinen in Stars zone.
16:17 of 2nd period - Nazem Kadri is hit by Michael Grabner and loses puck.
16:46 of 2nd period - Slapshot by B.J. Crombeen.
16:46 of 2nd period - Shot Misses the Net.
16:55 of 2nd period - Off-side.
16:56 of 2nd period - Evgeny Grachev wins face-off versus Nick Bonino in neutral zone.
17:27 of 2nd period - Icing by Matt Donovan.
17:28 of 2nd period - Nick Bonino wins face-off versus Antoine Vermette in Coyotes zone.
17:28 of 2nd period - Nick Bonino is hit by Antoine Vermette.
18:01 of 2nd period - Snap shot by Matt Donovan.
18:01 of 2nd period - Stopped by Brian Elliott with a rebound.
18:03 of 2nd period - Slapshot by Jonathan Ferland.
18:03 of 2nd period - Stopped by Brian Elliott without a rebound.
18:04 of 2nd period - Brad Richards wins face-off versus John Tavares in Stars zone.
19:39 of 2nd period - Snap shot by Ted Purcell.
19:39 of 2nd period - Deflect By Cam Atkinson.
19:39 of 2nd period - Shot Misses the Net.
19:39 of 2nd period - Puck is out of play.
19:40 of 2nd period - Nazem Kadri wins face-off versus Evgeny Grachev in Coyotes zone.
19:40 of 2nd period - Nazem Kadri is hit by Cam Atkinson.
19:51 of 2nd period - Minor Penalty to Evgeny Grachev for Interference.
19:52 of 2nd period - John Tavares wins face-off versus Nazem Kadri in Stars zone.
Goals for this period are 1 for Coyotes vs 0 for Stars.
Shots for this period are 9 for Coyotes vs 8 for Stars.
3rd period
0:01 of 3rd period - John Tavares wins face-off versus Nazem Kadri in neutral zone.
1:51 of 3rd period - Penalty to Evgeny Grachev is over, Evgeny Grachev is back on ice.
1:58 of 3rd period - Alex Chiasson is hit by Evgeny Artyukhin and loses puck.
4:28 of 3rd period - Off-side.
4:29 of 3rd period - Nick Bonino wins face-off versus John Tavares in neutral zone.
4:42 of 3rd period - Snap shot by John Tavares.
4:42 of 3rd period - Stopped by Maxime Daigneault without a rebound.
4:43 of 3rd period - John Tavares wins face-off versus Brad Richards in Coyotes zone.
4:50 of 3rd period - Snap shot by Guillaume Latendresse.
4:50 of 3rd period - Deflect By John Tavares.
4:50 of 3rd period - Stopped by Maxime Daigneault with a rebound.
4:58 of 3rd period - Snap shot by Marian Gaborik.
4:58 of 3rd period - Shot Blocked by Boris Valabik.
5:22 of 3rd period - Lasse Kukkonen is hit by Josh Gorges.
5:32 of 3rd period - Cory Emmerton is hit by Nick Bonino and loses puck.
5:58 of 3rd period - Brad Richards is hit by Cam Atkinson and loses puck.
6:11 of 3rd period - Wrist shot by Nazem Kadri.
6:11 of 3rd period - Deflect By Michael Grabner.
6:11 of 3rd period - Stopped by Brian Elliott with a rebound.
6:15 of 3rd period - Wrist shot by Nazem Kadri.
6:15 of 3rd period - Shot Blocked by Niklas Hjalmarsson.
6:17 of 3rd period - Slapshot by Kristopher Letang.
6:17 of 3rd period - Deflect By Michael Grabner.
6:17 of 3rd period - Stopped by Brian Elliott with a rebound.
6:19 of 3rd period - Snap shot by Kristopher Letang.
6:19 of 3rd period - Deflect By Michael Grabner.
6:19 of 3rd period - Stopped by Brian Elliott without a rebound.
6:20 of 3rd period - Brad Richards wins face-off versus John Tavares in Stars zone.
6:29 of 3rd period - Snap shot by Marian Gaborik.
6:29 of 3rd period - Deflect By Zach Parise.
6:29 of 3rd period - Stopped by Brian Elliott with a rebound.
6:53 of 3rd period - Snap shot by Nazem Kadri.
6:53 of 3rd period - Stopped by Brian Elliott with a rebound.
6:55 of 3rd period - Snap shot by Nazem Kadri.
6:55 of 3rd period - Shot Misses the Net.
6:57 of 3rd period - Snap shot by Chris Stewart.
6:57 of 3rd period - Shot Blocked by Ian White.
7:04 of 3rd period - Icing by Ian White.
7:05 of 3rd period - Antoine Vermette wins face-off versus Jamie Arniel in Stars zone.
7:18 of 3rd period - Snap shot by Jussi Jokinen.
7:18 of 3rd period - Stopped by Maxime Daigneault with a rebound.
7:27 of 3rd period - Minor Penalty to Brian Lee for Roughing.
7:28 of 3rd period - Nazem Kadri wins face-off versus John Tavares in Stars zone.
7:32 of 3rd period - Snap shot by Nazem Kadri.
7:32 of 3rd period - Stopped by Brian Elliott without a rebound.
7:33 of 3rd period - Tyler Ennis wins face-off versus John Tavares in Stars zone.
7:48 of 3rd period - Wrist shot by Tyler Ennis.
7:48 of 3rd period - Shot Hit the Post.
7:50 of 3rd period - Wrist shot by Kristopher Letang.
7:50 of 3rd period - Stopped by Brian Elliott with a rebound.
9:27 of 3rd period - Penalty to Brian Lee is over, Brian Lee is back on ice.
9:38 of 3rd period - Wrist shot by Ted Purcell.
9:38 of 3rd period - Stopped by Maxime Daigneault with a rebound.
9:51 of 3rd period - Minor Penalty to Cam Atkinson for Roughing.
9:52 of 3rd period - Zach Parise wins face-off versus John Tavares in Stars zone.
9:53 of 3rd period - Snap shot by Michael Del Zotto.
9:53 of 3rd period - Stopped by Brian Elliott without a rebound.
9:54 of 3rd period - John Tavares wins face-off versus Zach Parise in Stars zone.
10:25 of 3rd period - Wrist shot by Nazem Kadri.
10:25 of 3rd period - Stopped by Brian Elliott with a rebound.
10:29 of 3rd period - Slapshot by Nazem Kadri.
10:29 of 3rd period - Stopped by Brian Elliott with a rebound.
10:31 of 3rd period - Slapshot by Josh Gorges.
10:31 of 3rd period - Shot Blocked by Brian Lee.
11:51 of 3rd period - Penalty to Cam Atkinson is over, Cam Atkinson is back on ice.
12:41 of 3rd period - Minor Penalty to Thomas Hickey for Goalie Interference.
12:42 of 3rd period - John Tavares wins face-off versus Brad Richards in Coyotes zone.
12:55 of 3rd period - Wrist shot by Guillaume Latendresse.
12:55 of 3rd period - Stopped by Maxime Daigneault with a rebound.
14:41 of 3rd period - Penalty to Thomas Hickey is over, Thomas Hickey is back on ice.
14:48 of 3rd period - Thomas Hickey is hit by Brian Lee and loses puck.
15:14 of 3rd period - Icing by Matt Donovan.
15:15 of 3rd period - Antoine Vermette wins face-off versus Nazem Kadri in Coyotes zone.
15:28 of 3rd period - Tyler Ennis is hit by Michael Grabner and loses puck.
16:11 of 3rd period - Wrist shot by Martin Samuelsson.
16:11 of 3rd period - Stopped by Brian Elliott without a rebound.
16:12 of 3rd period - Evgeny Grachev wins face-off versus Brad Richards in Stars zone.
16:22 of 3rd period - Off-side.
16:23 of 3rd period - Cory Emmerton wins face-off versus Jamie Arniel in neutral zone.
16:50 of 3rd period - Brian Lee is hit by Thomas Hickey and loses puck.
18:07 of 3rd period - Slapshot by Anton Stralman.
18:07 of 3rd period - Deflect By Evgeny Artyukhin.
18:07 of 3rd period - Shot Misses the Net.
18:07 of 3rd period - Puck is out of play.
18:08 of 3rd period - Brad Richards wins face-off versus John Tavares in Stars zone.
18:19 of 3rd period - Snap shot by Marian Gaborik.
18:19 of 3rd period - Deflect By Brad Richards.
18:19 of 3rd period - Stopped by Brian Elliott without a rebound.
18:20 of 3rd period - Cory Emmerton wins face-off versus Jamie Arniel in Stars zone.
18:26 of 3rd period - Off-side.
18:27 of 3rd period - Cory Emmerton wins face-off versus Jamie Arniel in neutral zone.
18:52 of 3rd period - Stars, Brian Elliott is pulled from the net.
18:58 of 3rd period - Snap shot by Michael Grabner.
18:58 of 3rd period - Stopped by Maxime Daigneault with a rebound.
19:00 of 3rd period - Wrist shot by Brian Lee.
19:00 of 3rd period - Deflect By Guillaume Latendresse.
19:00 of 3rd period - Shot Misses the Net.
19:00 of 3rd period - Puck is out of play.
19:01 of 3rd period - Barry Trotz call a timeout for Stars.
19:01 of 3rd period - Brad Richards wins face-off versus John Tavares in Coyotes zone.
19:01 of 3rd period - Brad Richards is hit by Michael Grabner.
19:53 of 3rd period - Backhand shot by Brad Richards.
19:53 of 3rd period - Deflect By Marian Gaborik.
19:53 of 3rd period - Shot Misses the Net.
19:53 of 3rd period - Puck is out of play.
19:54 of 3rd period - Brian Elliott from Stars was sent back in the game.
19:54 of 3rd period - Brad Richards wins face-off versus John Tavares in Stars zone.
Goals for this period are 0 for Coyotes vs 0 for Stars.
Shots for this period are 12 for Coyotes vs 6 for Stars.
Back to the Top